 Dungeon Crawl Stone Soup version 0.17.1-1-g73c8601 (console) character file.

32879 Kloppie the Cleaver (level 13, -6/116 HPs)
             Began as a Centaur Fighter on Dec 13, 2015.
             Was an Elder of Elyvilon.
             Mangled by a spatial maelstrom (12 damage)
             ... on level 1 of the Abyss.
             The game lasted 00:46:17 (24663 turns).

Kloppie the Cleaver (Centaur Fighter)              Turns: 24663, Time: 00:46:17

Health: -6/116     AC: 24    Str: 21    XL:     13   Next: 33%
Magic:  27/27      EV:  3    Int:  7    God:    Elyvilon [****..]
Gold:   1261       SH: 10    Dex: 19    Spells: 0 memorised, 12 levels left

rFire  . . .     SeeInvis .     a - +7 broad axe "Maenulot" {venom, Dex+4}
rCold  . . .     Clarity  .     L - +3 scale mail {rPois}
rNeg   + + .     SustAt   .     Q - +1 shield {reflect}
rPois  +         Gourm    .     w - +1 helmet
rElec  .         Spirit   .     j - +1 cloak
rCorr  .         Warding  +     F - +2 pair of gloves {Dex+3}
rMut   .         Stasis   .     X - +0 centaur barding
MR     .....                    q - amulet of warding
Stlth  ..........               s - ring of positive energy
                                t - ring of magical power

@: protection, very slightly contaminated, hasted, very quick, not resistant to
hostile enchantments, extremely unstealthy
A: hooves 3, deformed body, speed 2, tough skin 3
a: Lesser Healing, Heal Other, Purification, Greater Healing, Divine Protection,
Renounce Religion


You were on level 1 of the Abyss.
You worshipped Elyvilon.
Elyvilon was greatly pleased with you.
You were not hungry.

You visited 3 branches of the dungeon, and saw 19 of its levels.
You visited the Abyss 1 time.
You also visited: Labyrinth.

You collected 1261 gold pieces.

Inventory:

Hand Weapons
 a - the +7 broad axe "Maenulot" (weapon) {venom, Dex+4}
   (You found it on level 3 of the Lair of Beasts)

   It poisons the flesh of those it strikes.
   It affects your dexterity (+4).
 b - a +3 war axe of holy wrath
 N - a +0 broad axe
Armour
 j - a +1 cloak (worn)
 w - a +1 helmet (worn)
 z - a +3 plate armour of fire resistance
 F - a +2 pair of gloves of dexterity (worn)
 L - a +3 scale mail of poison resistance (worn)
 Q - a +1 shield of reflection (worn)
 X - a +0 centaur barding (worn)
Jewellery
 q - an amulet of warding (around neck)
 s - a ring of positive energy (right hand)
 t - a ring of magical power (left hand)
 H - an uncursed ring of invisibility
 O - an uncursed ring of ice
 P - an uncursed ring of fire
Wands
 c - a wand of disintegration (5)
 r - a wand of paralysis (7)
 K - a wand of teleportation (7)
 V - a wand of disintegration (7)
Scrolls
 g - a scroll of magic mapping
 h - 10 scrolls of remove curse
 i - 2 scrolls of recharging
 k - 3 scrolls of enchant weapon
 p - a scroll of identify
 y - 10 scrolls of teleportation
 D - 3 scrolls of fear
 S - 5 scrolls of enchant armour
Potions
 d - 4 potions of might
 l - a potion of cure mutation
 m - 3 potions of heal wounds
 n - a potion of haste
 o - a potion of invisibility
 v - 2 potions of lignification
 x - a potion of cancellation
 C - 3 potions of flight
 E - 4 potions of berserk rage
 G - 7 potions of curing
 R - a potion of resistance
Miscellaneous
 A - a lamp of fire
Comestibles
 e - 10 bread rations
 f - 6 meat rations
 u - a beef jerky


   Skills:
 + Level 11.0 Fighting
 + Level 14.5 Axes
 - Level 8.4 Armour
 - Level 2.1 Shields
 - Level 7.6 Invocations


You had 12 spell levels left.
You didn't know any spells.

Dungeon Overview and Level Annotations

Branches:
Dungeon (11/15)            Temple (1/1) D:5            Lair (7/8) D:8
  Swamp (0/4) Lair:4       Spider (0/4) Lair:3
  Slime: Lair:6-8       Orc: D:9-12

Altars:
Ashenzari
Cheibriados
Dithmenos
Elyvilon
Fedhas
Gozag
Kikubaaqudgha
Makhleb
Nemelex Xobeh
Okawaru
Qazlal
Ru
Sif Muna
Trog
Vehumet
Yredelemnul
Zin
The Shining One

Annotations:
D:4 Blork the orc, Natasha
D:11 Sonja


Innate Abilities, Weirdness & Mutations

You have hooves in place of feet.
Armour fits poorly on your strangely shaped body.
You cover ground very quickly.
You have extremely tough skin (AC +3).


Message History

You are very lightly contaminated with residual magic.
You block the apocalypse crab's attack.
A tentacle flies out from the starspawn's body!
A hell hog comes into view.
The spatial maelstrom barely misses you.
The spatial maelstrom hits you! Elyvilon protects you from harm!
You block the orange demon's attack. The spatial maelstrom hits you.
* * * LOW HITPOINT WARNING * * *
Space warps horribly around you!
You can no longer call upon Elyvilon for divine vigour.
Elyvilon protects you from harm!
The spatial maelstrom hits you but does no damage.
The apocalypse crab bites you but does no damage.
You block the apocalypse crab's attack.
You block the tentacled starspawn's attack.
The tentacled starspawn engulfs you but does no damage.
The spatial maelstrom hits you!
You die... ##### #@≈$# #vXt## #.wwh## +vvvv{4

##v##X##
### F##
####
#.≈.# .≈$
.##### #
#
##.##.##.
#[#


You could see a tentacled starspawn, a spatial maelstrom, a hell hog, 5 spatial
vortices, an orange demon, an apocalypse crab, a large abomination, a blink frog
and 2 starspawn tentacles.

Vanquished Creatures
  A minotaur (Lab)
  Fannar (D:10)
  A queen ant (D:8)
  Pikel (D:4)
  An orb spider (Lair:3)
  A griffon (Lair:3)
  3 black mambas
  3 elephants (Lair:3)
  A gargoyle (D:7)
  5 spiny frogs
  2 fire drakes
  3 komodo dragons
  2 trolls
  Grinder (D:6)
  Prince Ribbit (D:5)
  A trapdoor spider zombie (D:7)
  12 blink frogs
  A shadow (D:11)
  A deep elf mage (D:10)
  A basilisk (Lair:4)
  25 yaks
  5 hippogriffs
  Eustachio (D:5)
  3 vampire mosquitoes (D:10)
  3 wyverns
  A hungry ghost (D:10)
  Edmund (D:6)
  16 water moccasins
  3 wolves (Lair:1)
  3 black bears (D:8)
  12 porcupines
  Duvessa (D:6)
  21 soldier ants
  5 orc warriors
  2 ice beasts
  9 ogres
  A sky beast (D:10)
  2 necrophages
  7 centaurs
  2 big kobolds
  6 crocodiles
  21 giant frogs
  A wyvern skeleton (D:8)
  3 wights (D:9)
  Dowan (D:6)
  2 scorpions
  4 killer bees (D:9)
  A quasit (D:10)
  A gnoll shaman (D:5)
  5 hounds
  5 crimson imps
  4 giant frog skeletons
  7 orc wizards
  Crazy Yiuf (D:6)
  7 orc priests
  3 giant frog zombies
  12 iguanas
  A centaur skeleton (D:8)
  2 jellies
  Jessica (D:3)
  31 worker ants
  Natasha (D:4)
  28 sheep
  3 hound zombies
  3 worker ant zombies
  10 gnolls
  38 river rats
  9 adders
  2 shadow imps (D:5)
  A white imp (Abyss:1)
  An ooze (D:1)
  3 adder skeletons
  An adder zombie (D:6)
  A worm (D:2)
  6 giant geckos
  59 orcs
  A ball python (D:3)
  5 bats
  6 giant cockroaches
  6 goblins
  7 hobgoblins
  3 quokkas
  A giant cockroach zombie (D:6)
  A giant gecko skeleton (D:9)
  A giant gecko zombie (D:5)
  8 giant newts
  9 jackals
  2 jackal zombies (D:6)
  13 kobolds
  A quokka skeleton (D:6)
  2 quokka zombies (D:6)
  8 rats
  5 fungi
  3 plants
533 creatures vanquished.

Vanquished Creatures (others)
  2 slaves (D:4)
  A giant frog (D:4)
  A scorpion (D:4)
  An adder (D:4)
  8 fungi
  A plant (Lair:3)
  11 starspawn tentacles (Abyss:1)
  10 starspawn tentacle segments (Abyss:1)
35 creatures vanquished.

Grand Total: 568 creatures vanquished

Notes
Turn   | Place    | Note
--------------------------------------------------------------
     0 | D:1      | Kloppie the Centaur Fighter began the quest for the Orb.
     0 | D:1      | Reached XP level 1. HP: 19/19 MP: 1/1
   236 | D:1      | Reached XP level 2. HP: 26/26 MP: 2/2
   797 | D:2      | Reached XP level 3. HP: 33/33 MP: 3/3
  1170 | D:2      | Reached skill level 4 in Fighting
  1620 | D:3      | Reached XP level 4. HP: 19/40 MP: 4/4
  1965 | D:3      | Found a basalt altar of Yredelemnul.
  2008 | D:3      | Noticed Jessica
  2035 | D:3      | Killed Jessica
  2578 | D:3      | Reached XP level 5. HP: 44/47 MP: 5/5
  2582 | D:3      | Found a burning altar of Makhleb.
  2762 | D:4      | Noticed Natasha
  2770 | D:4      | Killed Natasha
  2773 | D:4      | Found a bloodstained altar of Trog.
  2779 | D:4      | Reached skill level 5 in Fighting
  3250 | D:4      | Noticed an ogre
  3260 | D:4      | Killed an ogre
  3260 | D:4      | Reached XP level 6. HP: 5/56 MP: 6/6
  3641 | D:4      | Noticed a slave
  3643 | D:4      | Noticed Blork the orc
  3643 | D:4      | Noticed a slave
  3645 | D:4      | Noticed Pikel
  3645 | D:4      | Noticed a slave
  3646 | D:4      | Noticed a slave
  3682 | D:4      | Killed Pikel
  3682 | D:4      | Reached skill level 6 in Fighting
  3682 | D:4      | Reached skill level 5 in Axes
  3682 | D:4      | Reached XP level 7. HP: 14/64 MP: 7/7
  3686 | D:4      | Noticed Natasha
  3692 | D:4      | Killed a freed slave
  3706 | D:4      | HP: 3/64 [poisoned by a scorpion]
  3718 | D:4      | Killed a freed slave
  3734 | D:4      | Reached skill level 7 in Fighting
  4213 | D:5      | Entered Level 5 of the Dungeon
  4560 | D:5      | Reached XP level 8. HP: 63/73 MP: 8/8
  4824 | D:5      | Reached skill level 8 in Fighting
  5224 | D:5      | Noticed Eustachio
  5308 | D:5      | Killed Eustachio
  5564 | D:5      | Found a staircase to the Ecumenical Temple.
  5568 | Temple   | Entered the Ecumenical Temple
  5613 | Temple   | Became a worshipper of Elyvilon the Healer
  5784 | D:6      | Noticed Prince Ribbit
  5838 | D:6      | Noticed Edmund
  6178 | D:5      | Killed Prince Ribbit
  6178 | D:5      | Reached skill level 9 in Fighting
  6178 | D:5      | Reached XP level 9. HP: 79/83 MP: 9/9
  6210 | D:6      | Killed Edmund
  6431 | D:6      | Noticed Dowan
  6456 | D:6      | Killed Dowan
  6462 | D:6      | Noticed Duvessa
  6489 | D:6      | Killed Duvessa
  6668 | D:6      | Noticed Grinder
  6676 | D:6      | Paralysed by Grinder for 2 turns
  6685 | D:6      | Killed Grinder
  6687 | D:6      | Reached skill level 10 in Fighting
  6883 | D:6      | Found a shattered altar of Ashenzari.
  6887 | D:6      | Saw a vision of the Swamp and the Spider Nest.
  6887 | D:6      | Noticed a wolf spider
  6888 | D:6      | Noticed an alligator
  7022 | D:6      | Noticed Crazy Yiuf
  7028 | D:6      | Killed Crazy Yiuf
  7322 | D:6      | Found a glowing golden altar of the Shining One.
  7473 | D:7      | Reached skill level 1 in Invocations
  7600 | D:7      | Noticed a gargoyle
  7719 | D:7      | Killed a gargoyle
  8011 | D:7      | Found a shattered altar of Ashenzari.
  8071 | D:7      | Reached XP level 10. HP: 61/93 MP: 12/12
  8221 | D:7      | Found a sacrificial altar of Ru.
  8411 | D:7      | Reached * piety under Elyvilon
  8716 | D:8      | Found an iron altar of Okawaru.
  8875 | D:8      | Found a staircase to the Lair.
  9131 | D:8      | Found a shadowy altar of Dithmenos.
  9421 | D:8      | Reached skill level 5 in Invocations
  9727 | D:8      | Reached skill level 10 in Axes
  9751 | Lair:1   | Entered Level 1 of the Lair of Beasts
 10076 | D:9      | Reached ** piety under Elyvilon
 11222 | D:9      | Found an ancient bone altar of Kikubaaqudgha.
 11222 | D:9      | Found an iron altar of Okawaru.
 11222 | D:9      | Found a sparkling altar of Nemelex Xobeh.
 11380 | D:10     | Entered Level 10 of the Dungeon
 11503 | D:10     | Noticed Fannar
 11533 | D:10     | Killed Fannar
 11888 | D:10     | Reached skill level 11 in Axes
 12497 | D:8      | Reached XP level 11. HP: 99/101 MP: 16/16
 13728 | Lair:1   | Noticed a queen ant
 14074 | D:8      | Killed a queen ant
 15017 | Lair:1   | Reached skill level 12 in Axes
 15319 | Lair:1   | Reached *** piety under Elyvilon
 16267 | Lair:1   | Reached skill level 5 in Armour
 17143 | Lair:2   | Reached **** piety under Elyvilon
 17376 | Lair:3   | Reached XP level 12. HP: 80/108 MP: 17/17
 18187 | Lair:3   | Identified a scroll of acquirement
 18598 | Lair:3   | Got a fine broad axe
 18626 | Lair:3   | Reached skill level 13 in Axes
 18872 | Lair:3   | Identified the +7 broad axe "Maenulot" {venom, Dex+4} (You found it on level 3 of the Lair of Beasts)
 19044 | Lair:3   | Found a hole to the Spider Nest.
 19304 | Lair:3   | Noticed a six-headed hydra
 19305 | Lair:3   | Pacified a six-headed hydra
 19482 | Lair:4   | Found a labyrinth entrance.
 19502 | Lab      | Entered a labyrinth
 19521 | Lab      | Reached ***** piety under Elyvilon
 20389 | Lab      | Noticed a minotaur
 20393 | Lab      | Killed a minotaur
 20403 | Lab      | Got a steaming quarterstaff
 20417 | Lair:4   | Identified a +2 rod of clouds (9/9) (You found it in a labyrinth)
 20496 | Lair:4   | Noticed a five-headed hydra
 20507 | Lair:4   | Pacified a five-headed hydra
 20656 | Lair:4   | Noticed an eight-headed hydra
 20657 | Lair:4   | Pacified an eight-headed hydra
 20880 | Lair:4   | Found a staircase to the Swamp.
 21027 | Lair:4   | Noticed a four-headed hydra
 21027 | Lair:4   | Pacified a four-headed hydra
 21380 | Lair:5   | Reached skill level 14 in Axes
 22088 | Lair:6   | Reached XP level 13. HP: 106/114 MP: 18/18
 23278 | Lair:7   | Reached ****** piety under Elyvilon
 24265 | D:11     | Noticed Sonja
 24283 | D:11     | Cast into the Abyss (Sonja)
 24285 | Abyss:1  | Found a corrupted altar of Lugonu.
 24329 | Abyss:1  | Found a snail-covered altar of Cheibriados.
 24455 | Abyss:1  | Found a corrupted altar of Lugonu.
 24536 | Abyss:1  | Noticed a starcursed mass
 24545 | Abyss:1  | Noticed a tentacled starspawn
 24640 | Abyss:1  | Noticed a tentacled starspawn
 24640 | Abyss:1  | Noticed a tentacled starspawn
 24645 | Abyss:1  | Noticed an ancient lich
 24661 | Abyss:1  | Elyvilon protects you from harm!
 24662 | Abyss:1  | Elyvilon protects you from harm!
 24663 | Abyss:1  | Mangled by a spatial maelstrom

Action                   |  1- 3 |  4- 6 |  7- 9 | 10-12 | 13-15 || total
-------------------------+-------+-------+-------+-------+-------++-------
Melee: War axe           |    97 |   135 |   398 |   818 |       ||  1448
       Battleaxe         |       |       |       |   109 |       ||   109
       Broad axe         |       |       |       |   168 |   181 ||   349
Invok: Heal Other        |       |       |       |     6 |       ||     6
       Divine Protection |       |       |       |       |     1 ||     1
  Use: Potion            |     2 |     1 |     5 |     2 |     1 ||    11
       Scroll            |       |       |    11 |    14 |     6 ||    31
  Eat: Chunk             |     1 |     6 |    14 |    40 |     6 ||    67
       Pizza             |       |       |       |     1 |       ||     1
       Fruit             |       |       |       |     2 |       ||     2
       Bread ration      |       |       |       |       |     1 ||     1
